 Dungeon Crawl Stone Soup version 0.27-a0-1119-gbf574a6a6b (webtiles) character file.

Game seed: 11338090603915013482

37 harryhousin the Magician (level 3, 0/25 HPs)
             Began as a Gnoll Wanderer on Apr 30, 2021.
             Succumbed to an adder's poison
             ... on level 1 of the Dungeon on May 2, 2021.
             The game lasted 00:07:59 (1658 turns).

harryhousin the Magician (Gnoll Wanderer)           Turns: 1658, Time: 00:07:59

Health: 0/25       AC:  6    Str: 14    XL:     3   Next: 39%
Magic:  9/9        EV:  8    Int: 11    God:
Gold:   89         SH:  8    Dex:  9    Spells: 11/12 levels left

rFire    . . .     SeeInvis .   a - +0 club
rCold    . . .     Faith    .   d - +0 kite shield
rNeg     . . .     Spirit   .   c - +0 ring mail
rPois    .         Reflect  .   (no helmet)
rElec    .         Harm     .   (no cloak)
rCorr    .         Rampage  .   (no gloves)
Will     .....                  (no boots)
Stlth    +.........             (no amulet)
HPRegen  0.08/turn              (no ring)
MPRegen  0.11/turn              (no ring)

@: lethally poisoned (0 -> -3), flying
A: fangs 1, strong nose, distributed training
a: no special abilities


You were on level 1 of the Dungeon.
You visited 1 branch of the dungeon, and saw 2 of its levels.

You collected 89 gold pieces.

Inventory:

Hand Weapons
 a - a +0 club (weapon)
Missiles
 b - 44 stones
Armour
 c - a +0 ring mail (worn)
 d - a +0 kite shield (worn)
Scrolls
 f - a scroll of identify {unknown}


   Skills:
 + Level 0.7 Fighting
 + Level 0.7 Short Blades
 + Level 0.7 Long Blades
 + Level 0.7 Axes
 + Level 2.6 Maces & Flails
 + Level 0.7 Polearms
 + Level 0.7 Staves
 + Level 0.7 Slings
 + Level 0.7 Bows
 + Level 0.7 Crossbows
 + Level 0.7 Throwing
 + Level 4.5 Armour
 + Level 0.7 Dodging
 + Level 2.3 Stealth
 + Level 2.6 Shields
 + Level 0.7 Unarmed Combat
 + Level 5.0 Spellcasting
 + Level 0.5 Conjurations
 + Level 0.5 Hexes
 + Level 3.7 Summonings
 + Level 0.5 Necromancy
 + Level 0.5 Translocations
 + Level 0.5 Transmutations
 + Level 0.5 Fire Magic
 + Level 0.5 Ice Magic
 + Level 0.5 Air Magic
 + Level 2.1 Earth Magic
 + Level 0.5 Poison Magic
 + Level 0.9 Invocations
 + Level 0.7 Evocations


You had 11 spell levels left.
You knew the following spells:

 Your Spells              Type           Power      Damage    Failure   Level
a - Apportation           Tloc           6%         N/A       86%         1

Your spell library contained the following spells:

 Spells                   Type           Power      Damage    Failure   Level
 Teleport Other           Tloc           3%         N/A       99%         3


Dungeon Overview and Level Annotations

Branches:
Dungeon (2/15)

Altars:


Innate Abilities, Weirdness & Mutations

You have very sharp teeth.
Your uncanny sense of smell can sniff out nearby items.
Your experience applies equally to all skills.


Message History

The adder hisses angrily.
You hit the jackal.
You kill the jackal!
You hear a bark!
The adder bites you but does no damage.
You hit the adder.
The adder is moderately wounded.
A jackal comes into view.
The adder closely misses you. The adder bites you but does no damage.
You miss the adder. Your bite misses the adder.
The adder is moderately wounded.
The adder closely misses you. You block the adder's attack.
You barely miss the adder.
The adder is moderately wounded.
The adder bites you but does no damage.
You barely miss the adder.
The adder is moderately wounded.
The adder closely misses you. The adder bites you.
* * * LOW HITPOINT WARNING * * *
It was a potion of flight.
You feel very buoyant.
You fly up into the air.
The adder bites you but does no damage. You block the adder's attack.
The adder bites you.
* * * LOW HITPOINT WARNING * * *
You are lethally poisoned!
The adder poisons you!
* * * LOW HITPOINT WARNING * * *
You feel sick.
There is a stone staircase leading up here.
* * * LOW HITPOINT WARNING * * *
You feel sick. The adder closely misses you.
You fly upwards.
* * * LOW HITPOINT WARNING * * *
You feel sick.
There is a stone staircase leading down here.
Unknown command.
You closely miss the adder.
The adder is moderately wounded.
You die...

#.....# ###.##..# ######.......
##.....# #......)# #####.......
...#'######.##.#.## #...........
####.##.....##.#.#####...........
#.##.######.#.##..............
#.##.# #...##.##.##########
####.##.#######..##.##.#
.....##.........S.#.##.#
................@.#.##.#
....#############.#.##r#
..†...............#.##J#
.....#######...####.##.#
.....#######.#.####.##.#
.............#......##.#
....##################.#
.......................#
.....###################


You could see an adder.

Vanquished Creatures
  A dart slug (D:1)
  3 endoplasms
  A giant cockroach (D:1)
  3 hobgoblins (D:1)
  10 jackals
  2 kobolds (D:1)
  3 quokkas (D:1)
  A ball python (D:1)
  2 bats (D:1)
  A rat (D:1)
27 creatures vanquished.

Notes
Turn   | Place    | Note
-------+----------+-------------------------------------------
     0 | D:1      | harryhousin the Gnoll Wanderer began the quest for the Orb.
     0 | D:1      | harryhousin set off with the following items: a +0 club, a
                  | +0 ring mail, a +0 kite shield; and the following spell
                  | memorised: Apportation; and the following spells available
                  | to memorise: Teleport Other
     0 | D:1      | Reached XP level 1. HP: 13/13 MP: 6/6
   528 | D:1      | Reached XP level 2. HP: 15/19 MP: 7/7
  1092 | D:1      | Upgraded the game from 0.27-a0-1105-g946c659c87 to
                  | 0.27-a0-1119-gbf574a6a6b
  1254 | D:1      | Reached XP level 3. HP: 21/25 MP: 9/9
  1268 | D:1      | Reached skill level 5 in Spellcasting
  1657 | D:1      | HP: 1/25 [poisoned by an adder]
  1658 | D:1      | Succumbed to an adder's poison

Illustrated notes

Levels and vault maps discovered:
D:1:      amcnicky_arrival_flooded_fountain, layout_basic, minmay_circled_x
D:2:      layout_basic, serial_shops,
          nicolae_shop_temple_entry_statues_fountains, nicolae_shop_trees,
          nicolae_shop_crystal, nicolae_shop_trees, chequers_arboretum,
          uniq_robin

Skill      XL: |  1  2  3 |
---------------+----------+-----
Earth Magic    | 2 |  2.1
Spellcasting   | 5 |  5.0
Fighting       | |  0.7
Short Blades   | |  0.7
Long Blades    | |  0.7
Axes           | |  0.7
Maces & Flails | |  2.6
Polearms       | |  0.7
Staves         | |  0.7
Slings         | |  0.7
Bows           | |  0.7
Crossbows      | |  0.7
Throwing       | |  0.7
Armour         | |  4.5
Dodging        | |  0.7
Stealth        | |  2.3
Shields        | |  2.6
Unarmed Combat | |  0.7
Conjurations   | |  0.5
Hexes          | |  0.5
Summonings     | |  3.7
Necromancy     | |  0.5
Translocations | |  0.5
Transmutations | |  0.5
Fire Magic     | |  0.5
Ice Magic      | |  0.5
Air Magic      | |  0.5
Poison Magic   | |  0.5
Invocations    | |  0.9
Evocations     | |  0.7

Action                   || total
-------------------------++-------
Melee: Club              ||   161
       Bite              ||     5
  Use: Potion            ||     2
 Stab: Sleeping          ||     1
Armor: Ring mail         ||    93
Dodge: Dodged            ||    74
Block: Kite shield       ||    98

Table legend: (Time is in decaauts)
 A = Elapsed time spent in this place.
 B = Non-inter-level travel time spent in this place.
 C = Inter-level travel time spent in this place.
 D = Time resting spent in this place.
 E = Time spent auto-exploring this place.
 F = Levels seen in this place.
 G = Mean time per level.
                   A        B        C        D        E       F      G
               +--------+--------+--------+--------+--------+-----+--------+
         Total |   1728 |   1655 |     73 |    269 |    570 |   2 |  864.0 |
       Dungeon |   1728 |   1655 |     73 |    269 |    570 |   2 |  864.0 |
               +--------+--------+--------+--------+--------+-----+--------+

Top non-repeatable levels by time:
     D:1: 1679 daAuts
     D:2: 49 daAuts
